 Dungeon Crawl Stone Soup version 0.21.1-1-g345015fe64 (webtiles) character file.

32834 Htamos the Cleaver (level 14, 0/113 HPs)
             Began as a Formicid Fighter on July 13, 2018.
             Was a High Priest of Okawaru.
             Slain by Rupert
             ... wielding a +0 great mace of crushing
              (27 damage)
             ... on level 3 of the Lair of Beasts.
             The game lasted 00:58:50 (25978 turns).

Htamos the Cleaver (Formicid Fighter)              Turns: 25978, Time: 00:58:51

Health: 0/113      AC: 24    Str: 36    XL:     14   Next: 4%
Magic:  14/14      EV: 13    Int:  8    God:    Okawaru [*****.]
Gold:   949        SH: 16    Dex: 15    Spells: 13/13 levels left

rFire    . . .     SeeInvis +   b - +4 dagger (venom)
rCold    . . .     Gourm    .   c - +0 shield
rNeg     . . .     Faith    .   A - +0 plate armour
rPois    +         Spirit   .   (helmet unavailable)
rElec    .         Reflect  +   j - +1 cloak {rPois}
rCorr    .         Harm     .   H - +2 pair of gloves
MR       +....                  I - +2 pair of boots {Fly}
Stlth    ..........             D - amulet "Jigiog" {Reflect +Blink Str+4 SH+3}
HPRegen  0.28/turn              K - ring of wizardry
MPRegen  0.14/turn              C - +6 ring of strength

@: agile, flying, starving, studying Bows
A: permanent stasis, dig shafts and tunnels, four strong arms, antennae 3
a: Dig, Shaft Self, Heroism, Finesse, Renounce Religion


You were on level 3 of the Lair of Beasts.
You worshipped Okawaru.
Okawaru was extremely pleased with you.
You were starving.

You visited 4 branches of the dungeon, and saw 20 of its levels.

You collected 949 gold pieces.

Inventory:

Hand Weapons
 a - a +4 shortbow
 b - a +4 dagger of venom (weapon)
 h - a +1 short sword of draining
 n - a +4 dagger
 s - a +0 hunting sling
 B - the +0 long sword "Dragon's Tongue" {drain, rElec}
   (You found it on level 5 of the Dungeon)

   A truly terrible weapon, it drains the life of those it strikes.
   It insulates you from electricity.
 N - a +2 broad axe of chopping
 P - a +0 vampiric hand axe
 R - a +0 war axe
Missiles
 e - 513 stones (quivered)
 l - 154 sling bullets
 m - 6 needles of confusion
 v - 129 bolts
 y - 527 arrows
 F - 47 poisoned needles
Armour
 c - a +0 shield (worn)
 j - a +1 cloak of poison resistance (worn)
 t - a +0 chain mail
 A - a +0 plate armour (worn)
 E - a +2 cloak
 H - a +2 pair of gloves (worn)
 I - a +2 pair of boots of flying (worn)
Jewellery
 p - an uncursed amulet of the gourmand
 r - an uncursed ring of protection from magic
 z - an uncursed amulet of magic regeneration
 C - a +6 ring of strength (right hand)
 D - the amulet "Jigiog" (around neck) {Reflect +Blink Str+4 SH+3}
   (You found it on level 5 of the Dungeon)

   [amulet of reflection]

   It shields you and reflects attacks.
   It affects your strength (+4).
   It lets you blink.
   It affects your SH (+3).
 K - a ring of wizardry (left hand)
 U - an uncursed ring of resist corrosion
Wands
 G - a wand of polymorph (6)
 Q - a wand of flame (6)
 S - a wand of iceblast (10)
Scrolls
 o - 15 scrolls of identify
 q - 2 scrolls of magic mapping
 u - 4 scrolls of amnesia
 w - 2 scrolls of fog
 L - 8 scrolls of remove curse
Potions
 g - a potion of degeneration
 k - a potion of haste
 x - 5 potions of curing
 O - a potion of magic
 T - a potion of heal wounds
 V - a potion of resistance
Books
 d - a book of Misfortune

   Spells                             Type                      Level
   a - Confusing Touch                Hexes                        1
   b - Confuse                        Hexes                        3
   c - Gell's Gravitas                Translocation                3
   d - Petrify                        Transmutation/Earth          4
   e - Metabolic Englaciation         Hexes/Ice                    5
   f - Yara's Violent Unravelling     Hexes/Transmutation          5
 J - a manual of Bows
 M - a Young Poisoner's Handbook

   Spells                             Type                      Level
   a - Sting                          Conjuration/Poison           1
   b - Poisonous Vapours              Poison/Air                   2
   c - Mephitic Cloud                 Conjuration/Poison/Air       3
   d - Olgreb's Toxic Radiance        Poison                       4
   e - Venom Bolt                     Conjuration/Poison           5
Comestibles
 f - 27 rations


   Skills:
 + Level 11.6 Fighting
 * Level 13.8 Axes
 + Level 10.7 Bows
 + Level 11.6 Armour
 - Level 9.0 Shields


You had 13 spell levels left.
You didn't know any spells.

Dungeon Overview and Level Annotations

Branches:
Dungeon (13/15)            Temple (1/1) D:4            Lair (4/6) D:9
 Shoals (0/4) Lair:3        Snake (0/4) Lair:2          Orc (2/2) D:12
    Elf (0/3) Orc:2
 Vaults: D:13-14

Altars:
Ashenzari
Cheibriados
Dithmenos
Elyvilon
Fedhas
Gozag
Hepliaklqana
Kikubaaqudgha
Nemelex Xobeh
Okawaru
Qazlal
Ru
Sif Muna
Trog
Uskayaw
Vehumet
Wu Jian
Xom
Yredelemnul
Zin
The Shining One

Shops:
D:4 %   D:7 :   Orc:2 *

Annotations:
D:13 Htamos's ghost, journeyman DECj
Lair:3 Rupert
Orc:2 Lavandula's ghost, journeyman BaEE


Innate Abilities, Weirdness & Mutations

You cannot be hasted, slowed, berserked, paralysed or teleported.
You can dig through walls and to a lower floor.
Your four strong arms can wield two-handed weapons with a shield.
You have a pair of large antennae on your head. (SInv)


Message History

Rupert is heavily wounded.
Rupert barely misses you.
You are starving!
You hit Rupert.
Rupert looks as sick as possible!
Rupert is heavily wounded.
You block Rupert's attack.
You hit Rupert but do no damage.
Rupert looks as sick as possible!
Rupert is heavily wounded.
Rupert barely misses you. x2
You hit Rupert.
Rupert looks as sick as possible!
Rupert is severely wounded.
Rupert hits you with a great mace of crushing!!
* * * LOW HITPOINT WARNING * * *
x2 You barely miss Rupert.
Rupert is severely wounded.
You block Rupert's attack.
You hit Rupert.
Rupert looks as sick as possible!
Rupert is severely wounded.
Rupert hits you with a great mace of crushing!!
You die...

#......≈##.......................
#.....≈≈≈##......................
#....#≈≈≈≈##.....................
.....##≈≈≈≈##....###P............
......#≈≈>≈≈#....P###PP.##.##.###
..#.####≈≈≈≈###..## #..######## #
...## #≈≈≈≈##.#.P# #..# # ..##
##≈≈#####..# #P.# # ..# ####
#@####..## # ..# ###@.##....# ##
..## #..........# ##. ...#####
##.........### #.. ..###..#
#P.......##.######.
..###.##########.......##.##.####
........>........................
..........[......................
###..###.###.#.#P#####.##....###.


You could see Rupert (berserk).

Vanquished Creatures
  A hydra (Lair:1)
  A catoblepas (D:12)
  6 two-headed ogres
  An unseen horror (D:12)
  The ghost of Htamos the Eclecticist, a novice DECj of Sif Muna (D:9)
  A harpy (shapeshifter) (D:12)
  5 ugly things
  A merfolk siren (Lair:3)
  12 elephants
  Joseph (D:9)
  9 spiny frogs
  2 komodo dragons
  3 trolls
  7 dream sheep
  5 hippogriffs
  2 shadows (D:12)
  9 yaks
  A wyvern (D:11)
  A basilisk (D:12)
  Grum (D:9)
  A naga (Lair:2)
  A warg (Orc:2)
  2 water moccasins
  8 porcupines
  5 sky beasts
  20 orc warriors
  3 ice beasts
  A phantom (D:7)
  A black bear (D:9)
  The ghost of Tali the Covered, an amateur MiFi (D:4)
  10 ogres
  An eye of draining (D:10)
  10 centaurs
  A necrophage (D:8)
  7 wolves
  9 crocodiles
  A big kobold (D:11)
  12 bullfrogs
  A wyvern skeleton (D:11)
  3 scorpions
  5 killer bees (D:7)
  6 electric eels (D:6)
  7 howler monkeys
  5 crimson imps
  A quasit (D:12)
  4 bullfrog zombies
  A centaur zombie (D:8)
  9 hounds
  21 orc priests
  2 centaur skeletons
  3 jellies
  3 bullfrog skeletons
  3 iguanas
  12 orc wizards
  12 worker ants
  A killer bee zombie (D:7)
  A hound zombie (D:9)
  2 howler monkey zombies
  2 worker ant zombies
  Robin (D:4)
  4 gnolls (D:6)
  A howler monkey skeleton (D:4)
  13 adders
  3 shadow imps
  3 worms
  2 dart slugs
  6 leopard geckos
  72 orcs
  4 bats
  6 giant cockroaches
  9 goblins
  5 hobgoblins
  2 jackals (D:5)
  13 kobolds
  7 quokkas
  2 ball pythons
  4 frilled lizards
  A leopard gecko skeleton (D:4)
  A leopard gecko zombie (D:6)
  2 quokka zombies
  8 rats
  A fungus (Lair:4)
438 creatures vanquished.

Vanquished Creatures (collateral kills)
  A bullfrog (D:11)
1 creature vanquished.

Vanquished Creatures (others)
  A scorpion (D:9)
  4 fungi
  6 plants
11 creatures vanquished.

Grand Total: 450 creatures vanquished

Notes
Turn   | Place    | Note
-------+----------+-------------------------------------------
     0 | D:1      | Htamos the Formicid Fighter began the quest for the Orb.
     0 | D:1      | Reached XP level 1. HP: 18/18 MP: 1/1
   135 | D:1      | Reached XP level 2. HP: 24/24 MP: 2/2
   571 | D:1      | Found a glowing golden altar of the Shining One.
   824 | D:2      | Reached XP level 3. HP: 28/30 MP: 3/3
  1133 | D:2      | Reached XP level 4. HP: 31/37 MP: 4/4
  1217 | D:2      | Found an ancient bone altar of Kikubaaqudgha.
  1882 | D:3      | Reached XP level 5. HP: 22/42 MP: 5/5
  2110 | D:3      | Found a glowing silver altar of Zin.
  2443 | D:3      | Reached skill level 3 in Axes
  2597 | D:3      | Found a bloodstained altar of Trog.
  2937 | D:4      | Found a sparkling altar of Nemelex Xobeh.
  2944 | D:4      | Noticed Tali's ghost (amateur MiFi)
  2967 | D:4      | Killed Tali's ghost
  2967 | D:4      | Reached skill level 5 in Shields
  2967 | D:4      | Reached XP level 6. HP: 10/49 MP: 6/6
  3405 | D:4      | Reached XP level 7. HP: 28/55 MP: 7/7
  3409 | D:4      | Reached skill level 5 in Fighting
  3409 | D:4      | Reached skill level 5 in Armour
  3695 | D:4      | Found Vekusap's Food Emporium.
  3751 | D:4      | Found a staircase to the Ecumenical Temple.
  3800 | Temple   | Entered the Ecumenical Temple
  3855 | Temple   | Became a worshipper of Warmaster Okawaru
  3899 | D:4      | Reached skill level 4 in Axes
  3975 | D:4      | Found a hazy altar of Hepliaklqana.
  4079 | D:4      | Noticed Robin
  4091 | D:4      | Killed Robin
  4246 | D:5      | Entered Level 5 of the Dungeon
  4357 | D:5      | Got a smoking steel amulet
  4372 | D:5      | Identified the amulet "Jigiog" {Reflect +Blink Str+4 SH+3} (You found it on level 5 of the Dungeon)
  4408 | D:5      | Got a pitted long sword
  4409 | D:5      | Identified the cursed +0 long sword "Dragon's Tongue" {drain, rElec} (You found it on level 5 of the Dungeon)
  4731 | D:5      | Found a bloodstained altar of Trog.
  4915 | D:5      | Reached XP level 8. HP: 63/63 MP: 8/8
  5257 | D:6      | Reached skill level 5 in Axes
  5259 | D:6      | Reached * piety under Okawaru
  5986 | D:6      | Found a shattered altar of Ashenzari.
  5991 | D:6      | Found an opulent altar of Gozag.
  5991 | D:6      | Found a hide-covered altar of Uskayaw.
  6436 | D:6      | Reached ** piety under Okawaru
  6436 | D:6      | Reached skill level 6 in Axes
  6436 | D:6      | Reached XP level 9. HP: 61/69 MP: 9/9
  6555 | D:6      | Identified a scroll of acquirement
  6797 | D:7      | Found a white marble altar of Elyvilon.
  6834 | D:7      | Reached skill level 1 in Bows
  7152 | D:7      | Found Napnueq's Book Shoppe.
  7193 | D:7      | Reached *** piety under Okawaru
  7220 | D:7      | Reached skill level 7 in Axes
  7527 | D:8      | Noticed a hippogriff
  7538 | D:8      | Killed a hippogriff
  7656 | D:8      | Reached XP level 10. HP: 52/77 MP: 10/10
  7886 | D:8      | Received a gift from Okawaru
  7956 | D:8      | Found a radiant altar of Vehumet.
  8005 | D:8      | Found an ornate altar of the Wu Jian Council.
  8256 | D:8      | Found an ancient bone altar of Kikubaaqudgha.
  8436 | D:8      | Reached skill level 8 in Axes
  9141 | D:9      | Reached **** piety under Okawaru
  9315 | D:9      | Found a staircase to the Lair.
  9326 | D:9      | Noticed a white ugly thing
  9358 | D:9      | Killed a white ugly thing
  9518 | D:9      | Noticed Joseph
  9531 | D:9      | Killed Joseph
  9531 | D:9      | Received a gift from Okawaru
  9588 | D:9      | Noticed a two-headed ogre
  9600 | D:9      | Killed a two-headed ogre
  9600 | D:9      | Received a gift from Okawaru
  9600 | D:9      | Reached skill level 9 in Axes
  9600 | D:9      | Reached skill level 5 in Bows
  9739 | D:9      | Noticed Htamos's ghost (novice DECj)
  9759 | D:9      | Killed Htamos's ghost
  9759 | D:9      | Reached XP level 11. HP: 86/86 MP: 11/11
  9761 | D:9      | Received a gift from Okawaru
  9817 | D:9      | Noticed Grum
  9857 | D:9      | Killed Grum
 10547 | D:10     | Entered Level 10 of the Dungeon
 10662 | D:10     | Noticed a two-headed ogre
 10667 | D:10     | Killed a two-headed ogre
 10667 | D:10     | Reached ***** piety under Okawaru
 10667 | D:10     | Reached skill level 10 in Axes
 11380 | D:10     | Received a gift from Okawaru
 12172 | D:11     | Received a gift from Okawaru
 12221 | D:11     | Noticed a white ugly thing
 12245 | D:11     | Killed a white ugly thing
 12537 | D:11     | Noticed a two-headed ogre
 12546 | D:11     | Killed a two-headed ogre
 12748 | D:11     | Noticed a white ugly thing
 13572 | D:11     | Noticed a green ugly thing
 13576 | D:11     | Killed a red ugly thing
 13580 | D:11     | Killed a green ugly thing
 13580 | D:11     | Received a gift from Okawaru
 13580 | D:11     | Reached skill level 11 in Axes
 13580 | D:11     | Reached XP level 12. HP: 96/96 MP: 12/12
 13665 | D:12     | Received a gift from Okawaru
 14860 | D:12     | Noticed a two-headed ogre
 14878 | D:12     | Killed a two-headed ogre
 14878 | D:12     | Received a gift from Okawaru
 15653 | D:12     | Noticed a two-headed ogre
 15670 | D:12     | Killed a two-headed ogre
 15670 | D:12     | Reached skill level 10 in Fighting
 15670 | D:12     | Reached skill level 10 in Armour
 15971 | D:12     | Found a bloodstained altar of Trog.
 16164 | D:12     | Noticed an unseen horror
 16192 | D:12     | Killed an unseen horror
 16272 | D:12     | Found a staircase to the Orcish Mines.
 16455 | D:12     | Reached skill level 12 in Axes
 16784 | D:12     | Noticed a two-headed ogre
 16791 | D:12     | Killed a two-headed ogre
 16933 | D:13     | Noticed a catoblepas
 16992 | D:12     | Killed a catoblepas
 17247 | D:13     | Noticed Htamos's ghost (journeyman DECj)
 17325 | D:13     | Reached XP level 13. HP: 104/104 MP: 13/13
 17702 | Orc:1    | Entered Level 1 of the Orcish Mines
 17769 | Orc:2    | Entered Level 2 of the Orcish Mines
 18602 | Orc:2    | Found a staircase to the Elven Halls.
 18978 | Orc:2    | Noticed Lavandula's ghost (journeyman BaEE)
 19002 | Orc:2    | Found Icziq's General Store.
 20017 | Lair:1   | Entered Level 1 of the Lair of Beasts
 20765 | Lair:1   | Received a gift from Okawaru
 20851 | Lair:1   | Noticed a seven-headed hydra
 20880 | Lair:1   | Killed a seven-headed hydra
 21755 | Lair:1   | Received a gift from Okawaru
 21755 | Lair:1   | Reached skill level 13 in Axes
 22090 | Lair:2   | Noticed an eight-headed hydra
 22281 | Lair:2   | Found a staircase to the Snake Pit.
 22453 | Lair:2   | Reached skill level 10 in Bows
 24019 | Lair:3   | Found a staircase to the Shoals.
 24492 | Lair:3   | Reached ****** piety under Okawaru
 24492 | Lair:3   | Received a gift from Okawaru
 25343 | Lair:3   | Reached XP level 14. HP: 113/113 MP: 14/14
 25926 | Lair:4   | Noticed Rupert
 25978 | Lair:3   | Slain by Rupert

Skill      XL: |  1  2  3  4  5  6  7  8  9 10 11 12 13 |
---------------+----------------------------------------+-----
Shields        | 4 5 6 7 9 |  9.0
Fighting       | 4 5 6 8 9 10 11 | 11.6
Armour         | 4 5 6 7 8 9 10 11 | 11.6
Axes           | 3 4 6 7 9 11 12 13 | 13.8
Bows           | 2 5 7 9 10 | 10.7

Action                   |  1- 3 |  4- 6 |  7- 9 | 10-12 | 13-15 || total
-------------------------+-------+-------+-------+-------+-------++-------
Melee: War axe           |    20 |    15 |       |       |    15 ||    50
       Dagger            |    39 |   183 |   360 |  1020 |   840 ||  2442
       Long sword        |       |       |    69 |       |       ||    69
       Hand axe          |       |       |       |    32 |    20 ||    52
       Short sword       |       |       |       |       |    13 ||    13
       Broad axe         |       |       |       |       |     6 ||     6
 Fire: Shortbow          |       |       |       |    31 |       ||    31
Throw: Stone             |       |       |     4 |     3 |       ||     7
Evoke: Wand              |       |       |     5 |    38 |     9 ||    52
  Use: Scroll            |       |     6 |    10 |     6 |     2 ||    24
       Potion            |       |     3 |     2 |     7 |    13 ||    25
 Stab: Paralysed         |       |       |       |     9 |    11 ||    20
  Eat: Chunk             |     1 |     7 |    23 |    35 |    24 ||    90
Armor: Scale mail        |    16 |       |       |       |       ||    16
       Ring mail         |     1 |     5 |       |       |       ||     6
       Chain mail        |       |    71 |    82 |       |       ||   153
       Skin              |       |    28 |     7 |   106 |    41 ||   182
       Plate armour      |       |       |    88 |   438 |   482 ||  1008
Dodge: Dodged            |    11 |    41 |   107 |   272 |   257 ||   688
Block: Shield            |    23 |   108 |   235 |   701 |   808 ||  1875
       Reflection        |       |       |       |       |     2 ||     2
       Rpst.: Long sword |       |       |     8 |       |       ||     8
